[Event "Early-Titled-Tuesday-Blitz-September-26-2023"]
[Site "Chess.com"]
[Date "2023.09.26"]
[Round "7"]
[White "MasterKroket"]
[Black "KononenkoD"]
[Result "1/2-1/2"]
[WhiteElo "2438"]
[BlackElo "2593"]
[TimeControl "180+1"]
[EndTime "9:21:28 PDT"]
[Termination "Game drawn by repetition"]

1. e4 d5 2. exd5 Qxd5 3. Nc3 Qa5 4. d4 Nf6 5. Nf3 Bg4 6. h3 Bh5 7. g4 Bg6 8. Ne5 e6 9. Bg2 c6 10. Qe2 Nbd7 11. Nxg6 hxg6 12. Bd2 O-O-O 13. O-O-O Bb4 14. a3 Bxc3 15. Bxc3 Qc7 16. Bd2 Nb6 17. c3 Nfd5 18. Qe4 Nc4 19. Qc2 b5 20. Bxd5 cxd5 21. Kb1 Kb7 22.
Ka2 Ka8 23. b3 Nxd2 24. Qxd2 Rc8 25. Kb2 Qd6 26. Ra1 Rb8 27. Qe3 Rb7 28. Rhc1 Qh2 29.
Rh1 Qc7 30. Rhc1 Rc8 31. f4 Qa5 32. a4 Rcb8 33. b4 bxa4 34. Kc2 Qb5 35. Qd3 a6 36.
Kd2 Rc8 37. Ra3 Kb8 38. Rca1 Rbc7 39. Rxa4 Qxd3+ 40. Kxd3 Rxc3+ 41. Kd2 Rxh3 42. Rxa6 Rh2+ 43. Kd3 Rh3+ 44. Kd2 Rh2+ 45. Kd3 Rch8 46. Ra8+ Kb7 47. R1a7+ Kb6 48. Rxh8 Rxh8 49. Rxf7 Rh3+ 50. Kd2 Kb5 51. Rxg7 Kxb4 52. Rxg6 Kc4 53. Rxe6 Kxd4 54. f5 Rh2+ 55. Ke1 Rg2 56. f6 Rxg4 57. Ra6 Ke5 58. Ra3 Rf4 59.
Kd2 Rxf6 60. Rb3 Rh6 61. Rg3 Kd4 62. Rf3 Kc4 63. Rg3 Rh2+ 64. Kd1 Rb2 65. Rh3 Rb7 66.
Rg3 Re7 67. Rh3 Re4 68. Rg3 Rd4+ 69. Kc2 Rf4 70. Kd2 Rf2+ 71. Kd1 d4 72. Rh3 Rf4 73.
Rg3 Rh4 74. Rf3 Rh1+ 75. Kd2 Rh2+ 76. Kd1 Rb2 77. Rg3 Rf2 78. Rh3 Kd5 79. Rg3 Ke4 80.
Rh3 Rb2 81. Rg3 Rb5 82. Rh3 Rf5 83. Rg3 Kd5 84. Rh3 Kc4 85. Rg3 Rf1+ 86. Kd2 Rf2+ 87. Kd1 Rf4 88. Rh3 Re4 89. Rg3 Rh4 90. Rf3 Rh7 91. Rg3 Ra7 92. Rh3 Kd5 93. Rg3 Ke4 94.
Rh3 Rg7 95. Kd2 Rg2+ 96. Kd1 Rg5 97. Kd2 Rg1 98. Rh4+ Kd5 99. Rh3 Kc4 100. Rf3 Rg4 101. Rh3 d3 102. Rh8 Rg2+ 103. Kd1 Kd4 104. Rd8+ Kc3 105. Rc8+ Kd4 106. Rd8+ Ke3 107. Re8+ Kd4 108. Rd8+ 1/2-1/2

[Event "Early-Titled-Tuesday-Blitz-September-26-2023"]
[Site "Chess.com"]
[Date "2023.09.26"]
[Round "7"]
[White "AlmasRakhmatullaev"]
[Black "Aariow"]
[Result "1/2-1/2"]
[WhiteElo "2775"]
[BlackElo "2639"]
[TimeControl "180+1"]
[EndTime "9:21:32 PDT"]
[Termination "Game drawn - insufficient material"]

1. e4 c5 2. Nf3 Nc6 3. Bb5 g6 4. Bxc6 dxc6 5. d3 Bg7 6. h3 e5 7. Be3 b6 8. a4 a5 9. Nbd2 Ba6 10. O-O f6 11. Nh2 Nh6 12. f4 exf4 13. Rxf4 O-O 14. Qe2 f5 15. Raf1 Bxb2 16. exf5 Nxf5 17. g4 Be5 18. gxf5 Bxf4 19. Bxf4 Qd4+ 20. Be3 Qe5 21. Ng4 Qg3+ 22. Qg2 Qxg2+ 23. Kxg2 gxf5 24. Nh6+ Kg7 25.
Nxf5+ Kg6 26. Nh4+ Kh5 27. Ndf3 Rae8 28. Kf2 c4 29. Rg1 Rg8 30. Rxg8 Rxg8 31. Nf5 cxd3 32.
cxd3 b5 33. Ng3+ Kg6 34. Ne5+ Kf6 35. Nd7+ Ke7 36. Nc5 Ra8 37. Nf5+ Kf6 38. Nd4 bxa4 39. Nxa4 Bxd3 40. Nc5 Bb5 41. Nd7+ Ke7 42. Nb6 Rf8+ 43.
Ke1 a4 44. Nxb5 Rf3 45. Bc5+ Kf6 46. Nd4 Rxh3 47. Nxa4 Ke5 48. Nxc6+ Kd5 49. Ne7+ Ke6 50. Nc8 Rb3 51. Nab6 Rb1+ 52. Kd2 Rb5 53. Be3 h5 54.
Kc3 Re5 55. Bd4 Ra5 56. Nc4 Rd5 57. N8b6 Rg5 58. Be3 Rg3 59. Kd3 h4 60. Ke4 Rg4+ 61. Bf4 Kf6 62. Ne3 Rg1 63. Nbd5+ Kg6 64. Kf3 Kh5 65.
Nf6+ Kg6 66. Nfg4 Ra1 67. Nf2 Kh5 68. Nh3 Ra3 69. Bh2 Rb3 70. Nf4+ Kg5 71. Bg1 Rb1 72. Bf2 Rb3 73. Nh3+ Kh5 74. Kg2 Ra3 75. Nf5 Kg4 76. Ne3+ Kh5 77. Ng1 Rb3 78. Nf3 Ra3 79. Nf5 h3+ 80.
Kg3 h2 81. Kxh2 Rxf3 82. Ng3+ Kg4 83. Kg2 Rxf2+ 84. Kxf2 1/2-1/2

[Event "Early-Titled-Tuesday-Blitz-September-26-2023"]
[Site "Chess.com"]
[Date "2023.09.26"]
[Round "7"]
[White "ArmanGhevondyanchess"]
[Black "Iball95"]
[Result "0-1"]
[WhiteElo "2611"]
[BlackElo "2788"]
[TimeControl "180+1"]
[EndTime "9:21:34 PDT"]
[Termination "Iball95 won by resignation"]

1. Nf3 d5 2. g3 c5 3. Bg2 Nf6 4. O-O Nc6 5. d4 e6 6. c4 Be7 7. Nc3 O-O 8. cxd5 exd5 9. b3 Ne4 10. Bb2 Bf6 11. Na4 cxd4 12. Nxd4 Bxd4 13. Bxd4 Re8 14.
Rc1 h5 15. Nc5 h4 16. Bb2 Qg5 17. Nd3 h3 18. Bf3 Nd2 19. Re1 Nxf3+ 20. exf3 Rxe1+ 21. Qxe1 Bd7 22. Nf4 d4 23. Rd1 Re8 24. Qf1 Qf5 25.
Bxd4 Nxd4 26. Rxd4 Bc6 27. Rd3 Qa5 28. Qxh3 Qe1+ 29. Kg2 Bb5 30. Qf5 Bxd3 31. Qxd3 Qe5 32. h4 a6 33. a4 Qe7 34. h5 Rd8 35. Qc4 Qd6 36. Qe4 b5 37. axb5 axb5 38. Qf5 b4 39.
Qe4 Qd4 40. Qe7 Qd6 41. Qg5 Re8 42. Qb5 Rb8 43. Qc4 Rd8 44. Ng6 Rb8 45. Nf4 Rd8 46. Qe4 Qd4 47. Qf5 Qd6 48. Nh3 Qe6 49. Qa5 Rb8 50.
Qa4 Qb6 51. Ng5 Qb5 52. Qa7 Rf8 53. f4 Qd5+ 54. Kh2 Qxb3 55. Qc5 Qb2 56. h6 gxh6 57. Ne4 b3 58. Qf5 Kg7 59. Qg4+ Kh8 60. Qf5 Qg7 61. Qb5 b2 62. Kg2 Rd8 63. f5 Qd4 64. Qb7 Qd5 65.
Qxb2+ Kh7 66. f3 Qc6 67. Nf6+ Kg7 68. Nd7+ Kh7 69. Ne5 Qd5 70. Ng4 Qd2+ 71. Qxd2 Rxd2+ 72. Kh3 Kg7 73. Kh4 Rd1 74. Kh3 Rh1+ 75. Kg2 Ra1 76. Kf2 Ra5 77. Ne3 Kf6 78. g4 Ra3 79. Ng2 Kg5 80.
Kg3 h5 81. Kf2 hxg4 82. fxg4 Kxg4 83. Ne3+ Kf4 84. Nd5+ Kxf5 85. Ne7+ Ke4 86. Nc6 f5 87. Nb4 f4 88. Nc2 Ra2 0-1

[Event "Early-Titled-Tuesday-Blitz-September-26-2023"]
[Site "Chess.com"]
[Date "2023.09.26"]
[Round "7"]
[White "AttilaTurzo"]
[Black "Chessbard1972"]
[Result "1/2-1/2"]
[WhiteElo "2471"]
[BlackElo "2382"]
[TimeControl "180+1"]
[EndTime "9:21:39 PDT"]
[Termination "Game drawn by 50-move rule"]

1. d4 d5 2. Nf3 c5 3. c3 Nc6 4. Bf4 Nf6 5. e3 Qb6 6. Qc2 g6 7. Nbd2 Bf5 8. Qb3 c4 9. Qxb6 axb6 10. a3 b5 11. Rc1 Nh5 12. Be2 Nxf4 13. exf4 Bg7 14. Ne5 f6 15. Nxc6 bxc6 16. Nf3 Kd7 17. O-O Rhe8 18. Rfe1 Kd6 19. Bd1 h6 20. Bc2 Bxc2 21.
Rxc2 g5 22. f5 e5 23. fxe6 Rxe6 24. Rxe6+ Kxe6 25. Re2+ Kd7 26. g4 h5 27. h3 hxg4 28.
hxg4 Re8 29. Rxe8 Kxe8 30. Nd2 Kf7 31. Nf1 Bf8 32. Ne3 Bd6 33. Kg2 Bf4 34. Kf3 Ke6 35.
Ke2 Kd7 36. f3 Kc7 37. Kf2 Kd6 38. Ke2 c5 39. dxc5+ Kxc5 40. Kf2 d4 41. cxd4+ Kxd4 42. Nc2+ Kd3 43. Nb4+ Kd2 44. Nd5 Be5 45. a4 bxa4 46.
Nb6 c3 47. bxc3 a3 48. Nc4+ Kxc3 49. Nxa3 Kd3 50. Nb5 Bb8 51. Kg2 Ke3 52. Nc3 Be5 53.
Nd5+ Ke2 54. Ne7 Ke3 55. Ng6 Bd4 56. Kg3 Ba7 57. Ne7 Bb8+ 58. Kg2 Be5 59. Nc6 Kd3 60.
Kf2 Kc4 61. Ke3 Kd5 62. Ne7+ Ke6 63. Nf5 Bf4+ 64. Ke4 Be5 65. Ng7+ Kf7 66. Nf5 Ke6 67. Ne3 Ba1 68. Nc4 Bc3 69. Nb6 Ba5 70. Na4 Bb4 71. Nb2 Bc3 72. Nd3 Ba1 73. Nc5+ Kf7 74. Kf5 Bd4 75. Ne4 Ba1 76. Nd6+ Ke7 77. Nc4 Kf7 78.
Ne3 Bd4 79. Nd5 Ba1 80. Nb4 Bb2 81. Nc6 Ba1 82. Nd8+ Ke7 83. Nc6+ Kf7 84. Na7 Ke7 85. Nb5 Kf7 86. Nc7 Kg7 87. Nd5 Bb2 88. Ke6 Ba1 89. Ne7 Be5 90. Nf5+ Kg6 91. Ke7 Ba1 92. Nd6 Bb2 93. Ke6 Be5 94. Nf7 Ba1 95. Nd8 Bb2 96. Nc6 Ba1 97. Ne7+ Kg7 98. Kf5 Be5 99.
Nd5 1/2-1/2

[Event "Early-Titled-Tuesday-Blitz-September-26-2023"]
[Site "Chess.com"]
[Date "2023.09.26"]
[Round "8"]
[White "zozik"]
[Black "KerryStead"]
[Result "1-0"]
[WhiteElo "2329"]
[BlackElo "2096"]
[TimeControl "180+1"]
[EndTime "9:23:20 PDT"]
[Termination "zozik won by resignation"]

1. d4 c5 2. Nf3 d5 3. g3 Nc6 4. Bg2 Bg4 5. Ne5 Nxe5 6. dxe5 e6 7. O-O c4 8. b3 cxb3 9. axb3 a6 10. c4 dxc4 11. Bxb7 Rb8 12. Bc6+ Ke7 13. Ba3+ 1-0

[Event "Early-Titled-Tuesday-Blitz-September-26-2023"]
[Site "Chess.com"]
[Date "2023.09.26"]
[Round "8"]
[White "TregubovP"]
[Black "Mops_2004"]
[Result "0-1"]
[WhiteElo "2633"]
[BlackElo "2764"]
[TimeControl "180+1"]
[EndTime "9:24:06 PDT"]
[Termination "Mops_2004 won by resignation"]

1. e4 g6 2. d4 Bg7 3. Nf3 d6 4. Nc3 a6 5. Be2 Nf6 6. O-O O-O 7. Re1 Nc6 8. d5 Ne5 9. Nxe5 dxe5 10.
Be3 e6 11. Bc5 Re8 12. d6 Bf8 13. dxc7 Qxd1 14. Rexd1 Bxc5 15. Na4 Ba7 16. c4 Bd7 0-1

[Event "Early-Titled-Tuesday-Blitz-September-26-2023"]
[Site "Chess.com"]
[Date "2023.09.26"]
[Round "8"]
[White "salomez"]
[Black "Juicy_Fork"]
[Result "0-1"]
[WhiteElo "2301"]
[BlackElo "2469"]
[TimeControl "180+1"]
[EndTime "9:24:40 PDT"]
[Termination "Juicy_Fork won by resignation"]

1. d4 Nf6 2. Nc3 d5 3. Bf4 g6 4. e3 Bg7 5. h4 h5 6. Nf3 O-O 7. Ne5 c5 8. Bd3 Qb6 9. dxc5 Qxb2 10. Na4 Qa3 11. c4 Nfd7 12. Nxd7 Bxd7 0-1

[Event "Early-Titled-Tuesday-Blitz-September-26-2023"]
[Site "Chess.com"]
[Date "2023.09.26"]
[Round "8"]
[White "Shuvalov"]
[Black "Rutricks"]
[Result "0-1"]
[WhiteElo "2473"]
[BlackElo "2686"]
[TimeControl "180+1"]
[EndTime "9:24:45 PDT"]
[Termination "Rutricks won by resignation"]

1. d4 g6 2. c4 Bg7 3. e4 d6 4. Nc3 Nd7 5. Nf3 e5 6. Be2 Ngf6 7. O-O O-O 8. Be3 Re8 9. d5 a5 10. Ne1 Nc5 11. a3 Ncxe4 12. Nxe4 Nxe4 13. Bd3 Nf6 14. b4 e4 15. Be2 axb4 16. axb4 Rxa1 17. Qxa1 Nxd5 18. Bd4 Bxd4 19. Qxd4 Nxb4 20. c5 Nc6 21. Qc3 d5 22. Bb5 d4 23. Qg3 d3 24. Ba4 d2 0-1

[Event "Early-Titled-Tuesday-Blitz-September-26-2023"]
[Site "Chess.com"]
[Date "2023.09.26"]
[Round "8"]
[White "C_K_G"]
[Black "amylazy"]
[Result "1-0"]
[WhiteElo "1936"]
[BlackElo "2435"]
[TimeControl "180+1"]
[EndTime "9:25:02 PDT"]
[Termination "C_K_G won by checkmate"]

1. e4 c5 2. Nf3 e6 3. d4 cxd4 4.
Nxd4 a6 5. Bd3 Bc5 6. Nb3 Be7 7. Nc3 d6 8. O-O Nf6 9. Be3 O-O 10. f4 Nbd7 11. Qf3 Rb8 12. g4 b5 13. g5 Ne8 14.
Qh5 g6 15. Qh6 b4 16. Ne2 Bb7 17. Rf3 Ng7 18. Rh3 Nh5 19. Ng3 Re8 20. Nxh5 Bf8 21. Qxh7+ Kxh7 22. Nf6+ Kg7 23. Rh7# 1-0

[Event "Early-Titled-Tuesday-Blitz-September-26-2023"]
[Site "Chess.com"]
[Date "2023.09.26"]
[Round "8"]
[White "KamlaPasand"]
[Black "HSH1987"]
[Result "1-0"]
[WhiteElo "2442"]
[BlackElo "2608"]
[TimeControl "180+1"]
[EndTime "9:25:03 PDT"]
[Termination "KamlaPasand won by checkmate"]

1. e4 d6 2. d4 Nf6 3. Nc3 g6 4. Nf3 Bg7 5. Be2 O-O 6. O-O Nbd7 7. e5 Ne8 8. e6 fxe6 9. Ng5 Nb6 10. Bg4 e5 11.
dxe5 Bxe5 12. f4 Bg7 13. Qf3 Bxg4 14. Qxg4 Qd7 15. Qh4 h6 16. Nge4 Nf6 17. f5 g5 18.
Bxg5 hxg5 19. Nxg5 Qe8 20. Nce4 Nbd5 21. c4 Ne3 22.
Nxf6+ Rxf6 23. Qh7+ Kf8 24. Ne6+ Rxe6 25. fxe6+ Nxf1 26.
Rxf1+ Bf6 27. Qh8# 1-0

[Event "Early-Titled-Tuesday-Blitz-September-26-2023"]
[Site "Chess.com"]
[Date "2023.09.26"]
[Round "8"]
[White "marcodobrikov"]
[Black "baki83"]
[Result "0-1"]
[WhiteElo "2652"]
[BlackElo "2828"]
[TimeControl "180+1"]
[EndTime "9:25:20 PDT"]
[Termination "baki83 won by checkmate"]

1. d4 d5 2. Nc3 Nf6 3. Bf4 a6 4. e3 b5 5. f3 Bb7 6. g4 e6 7. Qd2 c5 8. h4 Nc6 9. Nge2 Be7 10. h5 Nd7 11. O-O-O b4 12. Nb1 Qa5 13. a3 Nb6 14. b3 Rc8 15. a4 c4 16. Qe1 cxb3 17. cxb3 Nxd4+ 18. Kb2 Rc2+ 19. Ka1 Nxb3# 0-1

[Event "Early-Titled-Tuesday-Blitz-September-26-2023"]
[Site "Chess.com"]
[Date "2023.09.26"]
[Round "8"]
[White "kereswasbest"]
[Black "vishwa_vijeta"]
[Result "0-1"]
[WhiteElo "2303"]
[BlackElo "2545"]
[TimeControl "180+1"]
[EndTime "9:25:24 PDT"]
[Termination "vishwa_vijeta won by resignation"]

1. d4 Nf6 2. c4 g6 3. Nc3 d5 4. cxd5 Nxd5 5. e4 Nxc3 6. bxc3 Bg7 7. Be3 O-O 8. Qd2 c5 9. Nf3 Qa5 10. Be2 Rd8 11. O-O-O Nc6 12. Kb1 Bg4 13. Qe1 Qb6+ 14.
Ka1 cxd4 15. Nxd4 Nxd4 16. cxd4 Rxd4 17. Bxd4 Bxd4+ 18. Rxd4 Qxd4+ 19. Kb1 Qxe4+ 0-1

[Event "Early-Titled-Tuesday-Blitz-September-26-2023"]
[Site "Chess.com"]
[Date "2023.09.26"]
[Round "8"]
[White "Khromkin"]
[Black "Martial2008"]
[Result "1-0"]
[WhiteElo "2393"]
[BlackElo "2596"]
[TimeControl "180+1"]
[EndTime "9:25:36 PDT"]
[Termination "Khromkin won by checkmate"]

1. d4 Nf6 2. c4 e6 3. Nf3 d5 4. Nc3 Bb4 5. Qa4+ Nc6 6. Bd2 O-O 7. e3 a6 8. Qc2 dxc4 9. Bxc4 Na5 10. Bd3 c5 11. a3 cxd4 12. axb4 dxc3 13. Bxc3 Nc6 14.
b5 Nb8 15. Bxf6 Qxf6 16. Bxh7+ Kh8 17. Be4 Nd7 18. Ra4 Nb6 19. Ra5 g6 20. Qc5 Nd7 21.
Qd6 Qxb2 22. O-O Nf6 23. Qxf8+ Kh7 24. Qxf7+ Kh6 25. Qxg6# 1-0

[Event "Early-Titled-Tuesday-Blitz-September-26-2023"]
[Site "Chess.com"]
[Date "2023.09.26"]
[Round "8"]
[White "gueraumasague"]
[Black "pinguino120"]
[Result "1-0"]
[WhiteElo "2466"]
[BlackElo "2231"]
[TimeControl "180+1"]
[EndTime "9:25:39 PDT"]
[Termination "gueraumasague won by checkmate"]

1. e4 c5 2. Nc3 a6 3. g3 b5 4. Bg2 Bb7 5. d3 e6 6. Nh3 b4 7. Ne2 d5 8. e5 Ne7 9. O-O Nbc6 10. f4 Nf5 11. g4 Nh4 12. Ng3 Nxg2 13. Kxg2 Be7 14.
Ng5 Bxg5 15. fxg5 Nxe5 16. d4 Ng6 17. c3 cxd4 18. Qxd4 e5 19. Qxb4 d4+ 20. Qxb7 Rb8 21. Qxf7# 1-0

[Event "Early-Titled-Tuesday-Blitz-September-26-2023"]
[Site "Chess.com"]
[Date "2023.09.26"]
[Round "8"]
[White "Alina_Gumerovna"]
[Black "amanmuhammethommadov"]
[Result "0-1"]
[WhiteElo "2173"]
[BlackElo "2599"]
[TimeControl "180+1"]
[EndTime "9:25:45 PDT"]
[Termination "amanmuhammethommadov won by resignation"]

1. e4 c5 2. Nf3 Nc6 3. d4 cxd4 4. Nxd4 g6 5. c4 Nf6 6. Nc3 d6 7. Be3 Ng4 8. Bg5 Qb6 9. f3 Nxd4 10. fxg4 Qxb2 11.
Rc1 Bg7 12. Nd5 O-O 13. Nxe7+ Kh8 14. Qd2 Qxd2+ 15. Kxd2 Bxg4 16. h3 Be6 17. Nd5 Bxd5 18. cxd5 Rfc8 19. Bd3 Kg8 20. Be7 Bh6+ 0-1

[Event "Early-Titled-Tuesday-Blitz-September-26-2023"]
[Site "Chess.com"]
[Date "2023.09.26"]
[Round "8"]
[White "Roman_Ovetchkin"]
[Black "Misticpikachu"]
[Result "1-0"]
[WhiteElo "2700"]
[BlackElo "2549"]
[TimeControl "180+1"]
[EndTime "9:26:00 PDT"]
[Termination "Roman_Ovetchkin won by resignation"]

1. d4 d5 2. c4 e6 3. Nf3 Nf6 4. g3 Be7 5. Bg2 O-O 6. Qc2 dxc4 7. Qxc4 a6 8. Bf4 Nd5 9. Bd2 b5 10. Qc2 Bb7 11. O-O Nd7 12. Ba5 Rc8 13. a3 Qe8 14. b4 N7b6 15. Nbd2 Qd8 16. e3 h6 17. Ne5 Bd6 18. Nd3 Ne7 19. Bxb7 1-0

[Event "Early-Titled-Tuesday-Blitz-September-26-2023"]
[Site "Chess.com"]
[Date "2023.09.26"]
[Round "8"]
[White "noblerone"]
[Black "emeli_chess"]
[Result "1-0"]
[WhiteElo "2490"]
[BlackElo "2351"]
[TimeControl "180+1"]
[EndTime "9:26:04 PDT"]
[Termination "noblerone won by resignation"]

1. d4 Nf6 2. Nf3 d5 3. Bg5 Nbd7 4. Nbd2 e6 5. e3 Be7 6. Bd3 O-O 7. O-O Re8 8. c3 Nf8 9. Ne5 N6d7 10. Bxe7 Qxe7 11. f4 f6 12. Nxd7 Bxd7 13. Qh5 e5 14. fxe5 fxe5 15. Rxf8+ Kxf8 16. Rf1+ Qf6 17. Rxf6+ gxf6 18. Qxh7 Be6 19. Bg6 Re7 20. Qh8+ Bg8 21. Qxf6+ Bf7 22. Bxf7 Rxf7 23. Qh8+ 1-0

[Event "Early-Titled-Tuesday-Blitz-September-26-2023"]
[Site "Chess.com"]
[Date "2023.09.26"]
[Round "8"]
[White "ploxoi"]
[Black "wadsy27"]
[Result "0-1"]
[WhiteElo "2423"]
[BlackElo "2618"]
[TimeControl "180+1"]
[EndTime "9:26:05 PDT"]
[Termination "wadsy27 won by resignation"]

1. d4 Nf6 2. c4 c5 3. d5 e6 4. Nc3 exd5 5. cxd5 d6 6. g3 g6 7. Bg2 Bg7 8. Nf3 O-O 9. O-O a6 10. a4 Nbd7 11. h3 Re8 12. Nd2 Nh5 13. e4 Ne5 14. Kh2 Nd3 15. f4 Rb8 16. Nc4 Nxc1 17.
Rxc1 b5 18. Nd2 b4 19. Ne2 Bxb2 20. Rb1 Bg7 21. Nc4 a5 22. g4 Ba6 23. Qb3 Nf6 24. Ng3 Bxc4 25. Qxc4 Nd7 26. Rfe1 Nb6 27. Qxc5 dxc5 0-1

[Event "Early-Titled-Tuesday-Blitz-September-26-2023"]
[Site "Chess.com"]
[Date "2023.09.26"]
[Round "8"]
[White "Sinquefield"]
[Black "halfnatty"]
[Result "0-1"]
[WhiteElo "2552"]
[BlackElo "2741"]
[TimeControl "180+1"]
[EndTime "9:26:24 PDT"]
[Termination "halfnatty won by resignation"]

1. d4 d5 2. Nf3 Nf6 3. c3 e6 4.
Bg5 c5 5. Nbd2 Nc6 6. e3 Be7 7.
Bd3 h6 8. Bh4 Qb6 9. Rb1 Bd7 10.
O-O g5 11. Bg3 cxd4 12. exd4 Nh5 13. Be5 Rg8 14. Re1 g4 15. Bh7 Rf8 16. h3 gxf3 17.
Qxf3 Bg5 18. Nb3 Nxe5 19. dxe5 Ng7 20. Nd4 O-O-O 21. b4 f6 22. Qg3 fxe5 23. Nf3 e4 24. Nd4 Qc7 0-1

[Event "Early-Titled-Tuesday-Blitz-September-26-2023"]
[Site "Chess.com"]
[Date "2023.09.26"]
[Round "8"]
[White "infinitegiantkiller"]
[Black "JoakimVonAnd"]
[Result "0-1"]
[WhiteElo "2444"]
[BlackElo "2698"]
[TimeControl "180+1"]
[EndTime "9:26:25 PDT"]
[Termination "JoakimVonAnd won by resignation"]

1. Nf3 g6 2. g3 Bg7 3. Bg2 d5 4. O-O e5 5. d4 e4 6. Ne1 Nf6 7. c4 c6 8. Nc3 O-O 9. cxd5 cxd5 10.
Nc2 Nc6 11. b4 Be6 12. b5 Na5 13. a4 Rc8 14. Qe1 Nb3 15. Ra3 Nxc1 16. Qxc1 Qd6 17. Qb2 Rc4 18. Rd1 Rfc8 19. Ne3 Rb4 20. Qa1 Nd7 21.
Nb1 Nb6 22. a5 Nc4 23. Nxc4 Rbxc4 24. e3 Rc1 0-1

[Event "Early-Titled-Tuesday-Blitz-September-26-2023"]
[Site "Chess.com"]
[Date "2023.09.26"]
[Round "8"]
[White "Caroexpert"]
[Black "Alexei_Gubajdullin"]
[Result "0-1"]
[WhiteElo "2446"]
[BlackElo "2707"]
[TimeControl "180+1"]
[EndTime "9:26:33 PDT"]
[Termination "Alexei_Gubajdullin won by resignation"]

1. d4 Nf6 2. c4 g6 3. Nc3 Bg7 4. e4 d6 5. h3 O-O 6. Be3 e5 7. d5 Na6 8. g4 Nc5 9. f3 a5 10.
Qd2 c6 11. Nge2 a4 12. Ng3 Qa5 13. h4 cxd5 14. cxd5 Bd7 15. h5 b5 16. g5 Nxh5 17.
Nxh5 gxh5 18. Qh2 Rfc8 19. Bd2 b4 20. Nd1 Bb5 21. Qxh5 Bxf1 22. Qxh7+ Kf8 23. Kxf1 Qb5+ 24. Kg2 Qe2+ 25. Nf2 Qxd2 26. Rad1 Qxg5+ 27. Ng4 Nd7 28. Rh5 Rc2+ 29. Kg1 Qg6 30. Qxg6 fxg6 31. Rf5+ gxf5 0-1

[Event "Early-Titled-Tuesday-Blitz-September-26-2023"]
[Site "Chess.com"]
[Date "2023.09.26"]
[Round "8"]
[White "elegant285"]
[Black "Fore_Man"]
[Result "1-0"]
[WhiteElo "2396"]
[BlackElo "2281"]
[TimeControl "180+1"]
[EndTime "9:26:33 PDT"]
[Termination "elegant285 won by checkmate"]

1. d4 Nf6 2. Nf3 e6 3. Bg5 Be7 4. Nbd2 c5 5. c3 h6 6. Bxf6 Bxf6 7. e4 cxd4 8. cxd4 d6 9. Bd3 Nd7 10. O-O O-O 11. Qe2 b6 12. e5 dxe5 13. dxe5 Be7 14.
Qe4 g6 15. Qxa8 Nc5 16. Be4 Qc7 17. Qc6 Qb8 18. Rfe1 Bd7 19. Qa8 Qc7 20. Qxf8+ Bxf8 21. Bc2 Na4 22. Rac1 Qd8 23. Ne4 Nxb2 24. Rb1 Nc4 25.
Rbd1 Kg7 26. Bb3 b5 27. Nf6 Nxe5 28. Nxe5 Qxf6 29. Rxd7 Kg8 30. Rxf7 Qg5 31. Bxe6 Kh8 32. Rxf8+ Kg7 33. Rg8+ Kh7 34. Re8 Qd2 35. Nf3 Qd6 36. Bb3 h5 37. R1e7+ Kh6 38. Rh8# 1-0

[Event "Early-Titled-Tuesday-Blitz-September-26-2023"]
[Site "Chess.com"]
[Date "2023.09.26"]
[Round "8"]
[White "Eloist"]
[Black "BeautiFullMindChess"]
[Result "0-1"]
[WhiteElo "2475"]
[BlackElo "2364"]
[TimeControl "180+1"]
[EndTime "9:26:34 PDT"]
[Termination "BeautiFullMindChess won by resignation"]

1. e4 c5 2. Nf3 d6 3. Bb5+ Bd7 4. Bxd7+ Qxd7 5. c4 Nc6 6. d4 cxd4 7. Nxd4 g6 8. Nc3 Bg7 9. Be3 Nf6 10. f3 Nxd4 11. Qxd4 O-O 12. Qd2 Rfc8 13. b3 b5 14. Rc1 bxc4 15. b4 e6 16. O-O d5 17. Rfd1 Qb7 18. exd5 Nxd5 19. Nxd5 exd5 20. Qxd5 Qxb4 21. Bd4 Rd8 22.
Qxc4 Rxd4 23. Rxd4 Bxd4+ 0-1

[Event "Early-Titled-Tuesday-Blitz-September-26-2023"]
[Site "Chess.com"]
[Date "2023.09.26"]
[Round "8"]
[White "Igrok3069"]
[Black "goodluck06"]
[Result "1-0"]
[WhiteElo "2873"]
[BlackElo "2667"]
[TimeControl "180+1"]
[EndTime "9:26:38 PDT"]
[Termination "Igrok3069 won by resignation"]

1. d4 d5 2. c4 e6 3. Nc3 Nf6 4. cxd5 exd5 5. Bg5 Be7 6. e3 Bg4 7. Qb3 Nbd7 8. h3 Be6 9. Nge2 c5 10. Nf4 c4 11.
Qc2 O-O 12. Be2 Qa5 13. Bf3 b5 14. O-O b4 15. Ncxd5 Nxd5 16. Bxe7 Nxe7 17. Bxa8 Rxa8 18.
Nxe6 fxe6 19. Qxc4 Qd5 20. Rac1 Ng6 21. Qxd5 exd5 22. Rc7 Ngf8 23. Rfc1 a5 24. Rc8 Ra6 25. R1c6 Rxc6 26. Rxc6 Kf7 27. Ra6 1-0

[Event "Early-Titled-Tuesday-Blitz-September-26-2023"]
[Site "Chess.com"]
[Date "2023.09.26"]
[Round "8"]
[White "LangesNasenhaar"]
[Black "KatakuriDono"]
[Result "1-0"]
[WhiteElo "2482"]
[BlackElo "2327"]
[TimeControl "180+1"]
[EndTime "9:26:53 PDT"]
[Termination "LangesNasenhaar won by resignation"]

1. d4 d5 2. Nc3 Nf6 3. Bf4 c6 4.
e3 g6 5. Nf3 Bg7 6. h4 h5 7.
Ne5 Nbd7 8. f3 Nf8 9. Qd2 Ne6 10. Bg5 Nxg5 11. hxg5 Nd7 12. f4 Nxe5 13. dxe5 b5 14. O-O-O b4 15. Na4 Qa5 16. b3 e6 17. Be2 Bd7 18.
Kb1 c5 19. Nb2 Qa3 20. e4 Bc6 21. exd5 Bxd5 22. Bb5+ Kf8 23. Nc4 Bxc4 24. Bxc4 Qa5 25.
Qd6+ Kg8 26. f5 Bf8 27. Qc6 gxf5 28. Qxa8 1-0

[Event "Early-Titled-Tuesday-Blitz-September-26-2023"]
[Site "Chess.com"]
[Date "2023.09.26"]
[Round "8"]
[White "Crazy_girl99"]
[Black "WPWPWP-2015"]
[Result "1-0"]
[WhiteElo "2722"]
[BlackElo "2529"]
[TimeControl "180+1"]
[EndTime "9:26:57 PDT"]
[Termination "Crazy_girl99 won by resignation"]

1. e4 e5 2. Nf3 Nf6 3. Nxe5 d6 4.
Nf3 Nxe4 5. Nc3 Nxc3 6. dxc3 Be7 7. Bd3 O-O 8. Bf4 Nd7 9. O-O Nc5 10. Re1 Nxd3 11.
Qxd3 Bf6 12. Rad1 h6 13. Nd4 Bd7 14. Qf3 Qc8 15. h3 Bf5 16. Bxd6 Bxc2 17. Nxc2 cxd6 18.
Rxd6 Qc4 19. Rxf6 gxf6 20. Re4 Qc6 21. Nd4 Qc5 22. Qxf6 Kh7 23. Nf5 1-0

[Event "Early-Titled-Tuesday-Blitz-September-26-2023"]
[Site "Chess.com"]
[Date "2023.09.26"]
[Round "8"]
[White "Kostukov_Alex"]
[Black "Nasrin_Babayeva"]
[Result "1-0"]
[WhiteElo "2390"]
[BlackElo "1895"]
[TimeControl "180+1"]
[EndTime "9:27:03 PDT"]
[Termination "Kostukov_Alex won by resignation"]

1. g3 f5 2. Bg2 Nf6 3. d4 g6 4.
c4 Bg7 5. Nf3 d6 6. O-O O-O 7. Nc3 Qe8 8. d5 c6 9. Rb1 a5 10. b3 Na6 11. Bb2 Nc5 12. Nd4 e5 13. dxe6 Nxe6 14. Nxe6 Qxe6 15. Na4 Rd8 16. Nb6 Rb8 17. Qd2 Ne4 18. Qxa5 Bxb2 19. Rxb2 Qf6 20. Rc2 Be6 21. e3 d5 22. cxd5 Bxd5 23. Rd1 Qe5 24. Nxd5 Rxd5 25. Rxd5 Qxd5 26. Qxd5+ cxd5 27. Bxe4 dxe4 28. Rc7 Ra8 29. a4 Rb8 30. a5 1-0

[Event "Early-Titled-Tuesday-Blitz-September-26-2023"]
[Site "Chess.com"]
[Date "2023.09.26"]
[Round "8"]
[White "Alphafischer2019"]
[Black "Boxerandchessplayer"]
[Result "1-0"]
[WhiteElo "2592"]
[BlackElo "2186"]
[TimeControl "180+1"]
[EndTime "9:27:04 PDT"]
[Termination "Alphafischer2019 won by resignation"]

1. Nf3 e6 2. b3 d5 3. Bb2 Nf6 4. e3 Be7 5. d4 O-O 6. Bd3 a6 7. O-O b5 8. Nbd2 c5 9. dxc5 Bxc5 10. Qe2 Bb7 11. e4 dxe4 12. Nxe4 Be7 13. Rad1 Nxe4 14. Bxe4 Qb6 15. Bd4 Qc7 16. Ne5 Bf6 17. Bxb7 Qxb7 18.
Qg4 Kh8 19. h3 Bxe5 20. Bxe5 f6 21. Bxb8 Raxb8 22. Qxe6 Rbc8 23. Rd7 Qc6 24. Qg4 Rg8 25. Rd2 Qc3 26. Rfd1 Qb2 27. c4 Qc3 28. Qxc8 1-0